 Dungeon Crawl Stone Soup version 0.30-a0-772-g5528072125 (webtiles) character file.

Game seed: 18220679605922908233

127 Crownlay the Digger (level 5, -1/28 HPs)
             Began as a Gargoyle Earth Elementalist on Feb 12, 2023.
             Slain by a goblin
             ... wielding a +0 club
             ... led by Robin
              (4 damage)
             ... on level 2 of the Dungeon.
             The game lasted 00:02:32 (1322 turns).

Crownlay the Digger (Gargoyle Earth Elementalist)   Turns: 1322, Time: 00:02:32

Health: -1/28      AC:  6    Str: 11    XL:     5   Next: 11%
Magic:  0/10       EV: 11    Int: 18    God:
Gold:   103        SH:  0    Dex: 10    Spells: 10/11 levels left

rFire   . . .      SeeInvis .    (no weapon)
rCold   . . .      Faith    .    (no shield)
rNeg    + . .      Spirit   .    a - +0 robe
rPois   ∞          Reflect  .    (no helmet)
rElec   +          Harm     .    (no cloak)
rCorr   .          Rampage  .    (no gloves)
Will    .....                    (no boots)
Stlth   ++                       (no amulet)
HPRegen 0.24/turn                g - ring of flight
MPRegen 0.12/turn                (no ring)

@: flying
A: sickness immunity, AC +4, negative energy resistance 1, electricity
resistance, torment resistance 1, petrification resistance
a: no special abilities


You were on level 2 of the Dungeon.
You visited 1 branch of the dungeon, and saw 2 of its levels.

You collected 103 gold pieces.

Inventory:

Armour
 a - a +0 robe (worn)
Jewellery
 g - a ring of flight (left hand)
Scrolls
 d - a scroll of vulnerability {unknown}
 e - 2 scrolls of identify {unknown}
 h - 2 scrolls of blinking {unknown}
 j - a scroll of poison {unknown}
Potions
 b - 3 potions of magic
 c - a potion of cancellation {unknown}
 f - a potion of invisibility {unknown}
 i - a potion of degeneration {unknown}
 k - a potion of attraction {unknown}


   Skills:
 - Level 1.5 Dodging
 - Level 2.1 Stealth
 + Level 3.6 Spellcasting
 - Level 0.7 Transmutations
 + Level 5.4 Earth Magic


You had 10 spell levels left.
You knew the following spells:

 Your Spells              Type           Power      Damage    Failure   Level
a - Sandblast             Erth           44%        2d11      1%          1

Your spell library contained the following spells:

 Spells                   Type           Power      Damage    Failure   Level
 Passwall                 Tmut/Erth      11%        N/A       7%          2
 Freeze                   Ice            12%        1d3       16%         1
 Stone Arrow              Conj/Erth      26%        3d8       16%         3
 Ensorcelled Hibernation  Hex/Ice        6%         N/A       24%         2
 Petrify                  Tmut/Erth      14%        N/A       41%         4
 Vhi's Electric Charge    Tloc/Air       6%         N/A       43%         3
 Arcjolt                  Conj/Air       1%         1d11      99%         5
 Metabolic Englaciation   Hex/Ice        1%         N/A       99%         5
 Simulacrum               Ice/Necr       1%         N/A       100%        6
 Maxwell's Capacitive Co  Air            1%         ∞         100%        8
 Statue Form              Tmut/Erth      Unusable   N/A       N/A         6

Dungeon Overview and Level Annotations

Branches:
Dungeon (2/15)

Altars:


Innate Abilities, Weirdness & Mutations

You are immune to sickness and miasma.
Your stone body is resilient. (AC +4)
You are immune to poison.
You resist negative energy. (rN+)
You are resistant to electric shocks. (rElec)
You are resistant to unholy torment.
You are immune to petrification.


Message History

You have reached level 5!
The blast of sand hits Robin.
Robin is lightly wounded.
A goblin comes into view. It is wielding a +0 club.
Robin throws the goblin at you!
The blast of sand hits the goblin!
You kill the goblin!
Robin drinks a potion.
Robin seems to grow stronger.
A goblin comes into view. It is wielding a +0 club.
A quokka comes into view.
Robin says, "A pitiful Gargoyle like you will never find the ORB!"
The goblin moves out of view.
The blast of sand misses Robin.
A goblin comes into view. It is wielding a +0 falchion.
Robin throws the goblin at you! The goblin hits you with a +0 club.
The blast of sand hits Robin.
Robin is moderately wounded.
Robin completely misses you. The goblin hits you but does no damage.
The goblin misses you. Robin throws the goblin at you!
The blast of sand hits Robin.
Robin is heavily wounded.
The goblin hits you but does no damage. The goblin hits you with a +0 club.
The blast of sand hits Robin!
You kill Robin!
The goblin barely misses you. The goblin hits you with a +0 club. x2
The goblin hits you but does no damage. The goblin barely misses you.
You are too injured to fight recklessly!
You are too injured to fight recklessly!
Casting: Sandblast (safe; 1% risk of failure)
Confirm with . or Enter, or press ? or * to list all spells.
You don't have enough magic to cast this spell.
Okay, then.
Okay, then.
The goblin attacks as you move away! The goblin hits you with a +0 club.
* * * LOW HITPOINT WARNING * * *
The goblin attacks as you move away! The goblin hits you with a +0 club.
* * * LOW HITPOINT WARNING * * *
The goblin completely misses you. The goblin attacks as you move away!
The goblin hits you with a +0 club.
You die...

.# #...†...#
#.# .#
##......#
#.# ##
#####..# #.#
#..# #..#
#..# #..#
#†.# ##.@#
##.gg##
#...gg#
#....)g.)r.#
##.....##$.#
##...## .#
..#..# #
......#
.....###


You could see 5 goblins.

Vanquished Creatures
  Natasha (thrice) (D:2)
  Robin (D:2)
  An adder (D:2)
  2 ball pythons (D:1)
  2 bats
  2 endoplasms (D:1)
  2 giant cockroaches (D:2)
  5 goblins (D:2)
  5 hobgoblins
  2 jackals (D:2)
  A quokka (D:1)
  2 frilled lizards
  2 kobolds
  3 rats
33 creatures vanquished.

Notes
Turn   | Place    | Note
-------+----------+-------------------------------------------
     0 | D:1      | Crownlay the Gargoyle Earth Elementalist began the quest
                  | for the Orb.
     0 | D:1      | Reached XP level 1. HP: 10/10 MP: 3/3
   317 | D:1      | Reached XP level 2. HP: 15/15 MP: 3/5
   365 | D:1      | Reached skill level 4 in Earth Magic
   603 | D:1      | Got the Elucidation of the Wendigo
   913 | D:2      | Reached XP level 3. HP: 19/19 MP: 5/7
   966 | D:2      | Noticed Natasha
   970 | D:2      | Killed Natasha
  1085 | D:2      | Reached XP level 4. HP: 24/24 MP: 5/8
  1168 | D:2      | Noticed Natasha
  1172 | D:2      | Killed Natasha
  1173 | D:2      | Reached skill level 5 in Earth Magic
  1259 | D:2      | Noticed Natasha
  1263 | D:2      | Killed Natasha
  1311 | D:2      | Noticed Robin
  1314 | D:2      | Reached XP level 5. HP: 26/28 MP: 5/10
  1319 | D:2      | Killed Robin
  1322 | D:2      | Slain by a goblin

Illustrated notes

Levels and vault maps discovered:
D:1:      dpeg_arrival_chambers_temple_mockup, layout_basic, dk_noncrumbling_4
D:2:      layout_loops_ring, corexii_item_surrounded_by_moat, uniq_natasha,
          uniq_robin, uniq_crazy_yiuf_cottage

Skill      XL: |  1  2  3  4 |
---------------+-------------+-----
Earth Magic    | 4 5 |  5.4
Spellcasting   | 3 |  3.6
Dodging        | |  1.5
Stealth        | |  2.1
Transmutations | |  0.7

Action                     |  1- 3 |  4- 6 || total
---------------------------+-------+-------++-------
   Cast: Sandblast         |    27 |    20 ||    47
 Armour: Robe              |       |     5 ||     5
  Dodge: Dodged            |     4 |    13 ||    17

Table legend: (Time is in decaauts)
 A = Elapsed time spent in this place.
 B = Non-inter-level travel time spent in this place.
 C = Inter-level travel time spent in this place.
 D = Time resting spent in this place.
 E = Time spent auto-exploring this place.
 F = Levels seen in this place.
 G = Mean time per level.
                   A        B        C        D        E       F      G
               +--------+--------+--------+--------+--------+-----+--------+
         Total |   1351 |   1304 |     47 |      0 |   1134 |   2 |  675.5 |
       Dungeon |   1351 |   1304 |     47 |      0 |   1134 |   2 |  675.5 |
               +--------+--------+--------+--------+--------+-----+--------+

Top non-repeatable levels by time:
     D:1: 790 daAuts
     D:2: 561 daAuts
